 Dungeon Sprint DCSS version 0.28-a0-1236-gb25a51b929 (webtiles) character file.

Game seed: 10391521470129579643

44213 mhtbhm the Slayer (level 13, -24/151 HPs)
             Began as a Green Draconian Berserker on Dec 24, 2021.
             Was the Champion of Trog.
             Killed from afar by a fire dragon (60 damage)
             ... with a blast of flame
             ... in the Dungeon (Sprint IX: "|||||||||||||||||||||||||||||") on Dec 25, 2021.
             The game lasted 00:11:32 (3892 turns).

mhtbhm the Slayer (Green Draconian Berserker)       Turns: 3892, Time: 00:11:33

Health: -24/151    AC: 14    Str: 29    XL:     13   Next: 95%
Magic:  13/13      EV: 21    Int:  9    God:    Trog [******]
Gold:   229        SH:  0    Dex: 10    Spells: 12/12 levels left

rFire   . . .      SeeInvis .   a - +12 great mace "Ywnaw" {vorpal, rPois Str+5}
rCold   + . .      Faith    +   (shield currently unavailable)
rNeg    . . .      Spirit   .   (armour unavailable)
rPois   +          Reflect  .   (helmet restricted)
rElec   .          Harm     .   A - +1 cloak
rCorr   .          Rampage  .   z - +1 pair of gloves
Will    .....      NoTele   +   B - +1 pair of boots
Stlth   ++++......              u - amulet of faith
HPRegen 0.35/turn               w - ring of protection from cold
MPRegen 0.13/turn               x - +4 ring of evasion

@: short of breath
A: breathe noxious fumes, AC +8, unfitting armour, poison resistance,
cold-blooded
a: Breathe Noxious Fumes, Renounce Religion, Berserk, Trog's Hand, Brothers in
Arms


You were in the Dungeon.
You worshipped Trog.
Trog was exalted by your worship.
You visited 1 branch You collected 1934 gold pieces.
You spent 1705 gold pieces at shops.

Inventory:

Hand Weapons
 a - the +12 great mace "Ywnaw" (weapon) {vorpal, rPois Str+5}
   (Trog gifted it to you in the Dungeon)

   It inflicts extra damage upon your enemies.
   Str:       It affects your strength (+5).
   rPois:     It protects you from poison.
Armour
 z - a +1 pair of gloves (worn)
 A - a +1 cloak (worn)
 B - a +1 pair of boots (worn)
Jewellery
 k - a ring of protection from cold
 l - a ring of fire
 p - a ring of fire
 t - an amulet of regeneration
 u - an amulet of faith (around neck)
 w - a ring of protection from cold (left hand)
 x - a +4 ring of evasion (right hand)
 y - a ring of see invisible
Wands
 s - a wand of flame (16)
Scrolls
 g - 2 scrolls of blinking
 m - 4 scrolls of identify
 n - 2 scrolls of fear
 o - 2 scrolls of enchant weapon
 r - 2 scrolls of fog
Potions
 b - 5 potions of curing
 c - 6 potions of heal wounds
 d - 3 potions of haste
 e - 4 potions of magic
 f - a potion of berserk rage
 h - a potion of invisibility
 i - 2 potions of mutation
 j - a potion of resistance
 q - a potion of attraction
Miscellaneous
 v - a piece from Xom's chessboard (15/15)


   Skills:
 + Level 24.3 Fighting
 + Level 23.3 Maces & Flails
 + Level 16.3 Dodging
 + Level 9.7 Stealth
 + Level 8.1 Evocations


You had 12 spell levels left.
You didn't know any spells.
Your spell library was empty.

Dungeon Overview and Level Annotations

Branches:
Dungeon (1/1)

Altars:
Cheibriados
Dithmenos
Elyvilon
Fedhas
Gozag
Hepliaklqana
Kikubaaqudgha
Makhleb
Nemelex Xobeh
Okawaru
Qazlal
Ru
Sif Muna
Trog
Uskayaw
Vehumet
Wu Jian
Xom
Yredelemnul
Zin
The Shining One
Beogh
Jiyva
Lugonu

Shops:
D :=(*


Innate Abilities, Weirdness & Mutations

You can breathe blasts of noxious fumes.
Your lurid green scales are hard. (AC +8)
You cannot fit into any form of body armour.
Your system is resistant to poisons. (rPois)
You are cold-blooded and may be slowed by cold attacks.


Message History

The fire dragon breathes flames at you. The blast of flame hits you!!
The brown very ugly thing is engulfed in noxious fumes.
Okay, then.
Okay, then.
A tengu warrior comes into view. It is wielding a +0 battleaxe.
The sphinx is engulfed in noxious fumes.
The fire dragon breathes flames at you. The blast of flame hits you!!
The brown very ugly thing is engulfed in noxious fumes.
You sock the fire dragon!
The fire dragon is moderately wounded.
The sphinx is engulfed in noxious fumes.
Unknown command.
You sock the fire dragon!
Your tail-slap misses the fire dragon.
The fire dragon is moderately wounded.
The fire dragon breathes flames at you. The blast of flame hits you!!!
* * * LOW HITPOINT WARNING * * *
Unknown command.
You hammer the fire dragon like a gong!!!
The fire dragon is severely wounded.
The fire dragon completely misses you. x2
The fire dragon tramples you but does no damage.
Unknown command.
Blink to where?
Press: ? - help, Dir - move target
As you read the scroll of blinking, it crumbles to dust.
You feel much better.
Unknown command.
Your cyclops goes berserk!
Unknown command.
You swap places.
The fire dragon bites your cyclops! The fire dragon claws your cyclops.
The fire dragon tramples your cyclops!
Your cyclops stumbles backwards!
Unknown command.
Your cyclops hits the fire dragon!
The fire dragon breathes flames at your cyclops.
The blast of flame hits your cyclops!! The blast of flame hits you!!!
You die...

▓.........'....†)()))))).[[[[
▓▓▓▓▓▓▓▓▓▓▓▓▓▓▓▓▓▓▓▓▓▓▓▓▓▓▓▓▓
▓............................
▓.▓▓▓▓▓▓▓▓▓▓▓▓▓▓▓▓▓▓▓▓▓▓▓▓▓▓▓
▓..............÷)÷÷))..†))††.
▓▓▓▓▓▓▓▓▓▓▓▓▓▓▓▓▓▓▓▓▓▓▓▓▓▓▓▓▓
▓............................
▓.▓▓▓▓▓▓▓▓▓▓▓▓▓▓▓▓▓▓▓▓▓▓▓▓▓▓▓
▓...........@...CDD()..)RHuQ.
▓▓▓▓▓▓▓▓▓▓▓▓▓▓▓▓▓▓▓▓▓▓▓▓▓▓▓▓▓


You could see a fire dragon (catching breath, ally target), an ice dragon and a
friendly cyclops (summoned, berserk).

Vanquished Creatures
  Frances (D)
  A tengu reaver (D)
  Aizul (D)
  A fire giant (D)
  2 stone giants (D)
  A very ugly thing (D)
  An eleionoma (D)
  Nessos (D)
  A bunyip (D)
  An entropy weaver (D)
  2 fire dragons (D)
  A merfolk impaler (D)
  2 hydras (D)
  A naga warrior (D)
  An ogre mage (D)
  A merfolk aquamancer (D)
  A death knight (D)
  3 two-headed ogres (D)
  6 death yaks (D)
  A deep troll earth mage (D)
  A shock serpent (D)
  A death yak (shapeshifter) (D)
  A tengu warrior (D)
  A spriggan berserker (D)
  An orc high priest (D)
  Nergalle (D)
  A spriggan druid (D)
  A swamp dragon (D)
  2 sea snakes (D)
  A deep elf pyromancer (D)
  A wizard (D)
  A mana viper (D)
  11 orc sorcerers (D)
  A wolf spider (D)
  4 ugly things (D)
  A merfolk siren (D)
  A guardian serpent (D)
  5 black mambas (D)
  9 cane toads (D)
  A rime drake (D)
  2 demonic crawlers (D)
  A tengu conjurer (D)
  A polar bear (D)
  2 merfolk (D)
  A hornet (D)
  2 jumping spiders (D)
  A tyrant leech (D)
  A wind drake (D)
  A raiju (shapeshifter) (D)
  A tarantella (D)
  A redback (D)
  A wraith (D)
  4 yaks (D)
  A basilisk (D)
  A basilisk (shapeshifter) (D)
  A vampire mosquito (D)
  Grum (D)
  2 water moccasins (D)
  10 orc warriors (D)
  A swamp drake (D)
  A black bear (D)
  A centaur (D)
  4 wolves (D)
  A bullfrog (D)
  A killer bee (D)
  A hound (D)
  2 orc priests (D)
  5 orc wizards (D)
  A dart slug (D)
  An adder simulacrum (D)
  12 orcs (D)
  A bat zombie (D)
  2 hobgoblins (D)
  A jackal (D)
  A bat (D)
  A rat (D)
148 creatures vanquished.

Vanquished Creatures (collateral kills)
  A great orb of eyes (D)
1 creature vanquished.

Grand Total: 149 creatures vanquished

Notes
Turn   | Place    | Note
-------+----------+-------------------------------------------
     0 | D        | mhtbhm the Draconian Berserker began the quest for the Orb.
     0 | D        | Reached XP level 1. HP: 19/19 MP: 1/1
     8 | D        | Reached ** piety under Trog
    12 | D        | Reached skill level 4 in Fighting
    59 | D        | Noticed a hound
    64 | D        | Killed a hound
    64 | D        | Reached *** piety under Trog
    65 | D        | Reached skill level 5 in Fighting
    65 | D        | Reached XP level 2. HP: 29/29 MP: 2/2
    65 | D        | Reached XP level 3. HP: 36/36 MP: 3/3
    71 | D        | Reached skill level 5 in Maces & Flails
   111 | D        | Found a snail-covered altar of Cheibriados.
   111 | D        | Found a shadowy altar of Dithmenos.
   111 | D        | Found a white marble altar of Elyvilon.
   111 | D        | Found a blossoming altar of Fedhas.
   111 | D        | Found an opulent altar of Gozag.
   112 | D        | Found a hazy altar of Hepliaklqana.
   113 | D        | Found a viscous altar of Jiyva.
   114 | D        | Found an ancient bone altar of Kikubaaqudgha.
   115 | D        | Found a corrupted altar of Lugonu.
   116 | D        | Found a burning altar of Makhleb.
   117 | D        | Found a sparkling altar of Nemelex Xobeh.
   118 | D        | Found an iron altar of Okawaru.
   119 | D        | Found a stormy altar of Qazlal.
   120 | D        | Found a sacrificial altar of Ru.
   121 | D        | Found a shimmering blue altar of Sif Muna.
   122 | D        | Found a bloodstained altar of Trog.
   123 | D        | Found a hide-covered altar of Uskayaw.
   124 | D        | Found a radiant altar of Vehumet.
   125 | D        | Found an ornate altar of the Wu Jian Council.
   126 | D        | Found a shimmering altar of Xom.
   127 | D        | Found a basalt altar of Yredelemnul.
   128 | D        | Found a glowing silver altar of Zin.
   129 | D        | Found a glowing golden altar of the Shining One.
   214 | D        | Noticed a two-headed ogre
   214 | D        | Noticed a killer bee
   214 | D        | Noticed a wraith
   214 | D        | Noticed a two-headed ogre
   214 | D        | Noticed a yak
   215 | D        | Reached **** piety under Trog
   216 | D        | Reached skill level 6 in Fighting
   216 | D        | Reached XP level 4. HP: 44/44 MP: 4/4
   218 | D        | Reached skill level 5 in Dodging
   222 | D        | Killed a two-headed ogre
   223 | D        | Reached skill level 10 in Fighting
   223 | D        | Reached XP level 5. HP: 18/59 MP: 5/5
   223 | D        | Reached XP level 6. HP: 20/67 MP: 6/6
   223 | D        | Your scales start taking on a lurid green colour.
   223 | D        | Reached XP level 7. HP: 22/73 MP: 7/7
   223 | D        | Gained mutation: Your system is resistant to poisons.
                  | (rPois) [Green Draconian growth]
   224 | D        | Killed a wraith
   225 | D        | Reached skill level 11 in Fighting
   225 | D        | Reached skill level 10 in Maces & Flails
   268 | D        | Killed a two-headed ogre
   269 | D        | Reached skill level 12 in Fighting
   269 | D        | Reached XP level 8. HP: 56/85 MP: 8/8
   470 | D        | Reached ***** piety under Trog
   471 | D        | Reached skill level 10 in Dodging
   478 | D        | Noticed a purple ugly thing
   478 | D        | Noticed a two-headed ogre
   478 | D        | Noticed a raiju
   478 | D        | Noticed a green ugly thing
   478 | D        | Noticed a brown ugly thing
   478 | D        | Noticed a deep elf pyromancer
   482 | D        | Killed a purple ugly thing
   483 | D        | Reached skill level 13 in Fighting
   485 | D        | Killed a two-headed ogre
   486 | D        | Reached skill level 5 in Evocations
   486 | D        | Reached XP level 9. HP: 94/94 MP: 9/9
   489 | D        | Reached skill level 14 in Fighting
   494 | D        | Killed a green ugly thing
   501 | D        | Killed a purple ugly thing
   502 | D        | Reached skill level 1 in Stealth
   514 | D        | Killed a deep elf pyromancer
   514 | D        | Received a gift from Trog
   834 | D        | Noticed a cane toad
   834 | D        | Noticed a cane toad
   834 | D        | Noticed a polar bear
   834 | D        | Noticed a cane toad
   840 | D        | Killed a cane toad
   841 | D        | Reached skill level 15 in Fighting
   841 | D        | Reached XP level 10. HP: 105/105 MP: 10/10
   841 | D        | Noticed a cane toad
   845 | D        | Killed a cane toad
   852 | D        | Killed a cane toad
   858 | D        | Reached ****** piety under Trog
   858 | D        | Received a gift from Trog
   865 | D        | Killed a cane toad
   984 | D        | Noticed a cane toad
   984 | D        | Noticed a cane toad
   984 | D        | Noticed a cane toad
   984 | D        | Noticed a cane toad
   984 | D        | Noticed a cane toad
   993 | D        | Killed a cane toad
   994 | D        | Reached skill level 15 in Maces & Flails
   995 | D        | Killed a cane toad
   996 | D        | Reached skill level 16 in Fighting
   997 | D        | Killed a cane toad
   999 | D        | Killed a cane toad
  1008 | D        | Killed a cane toad
  1008 | D        | Received a gift from Trog
  1067 | D        | Noticed a death yak
  1067 | D        | Noticed a death yak
  1067 | D        | Noticed a death yak
  1067 | D        | Noticed a death yak
  1077 | D        | Noticed a death yak
  1079 | D        | Killed a death yak
  1080 | D        | Reached XP level 11. HP: 116/116 MP: 11/11
  1082 | D        | Noticed a death yak
  1084 | D        | Killed a death yak
  1085 | D        | Reached skill level 17 in Fighting
  1089 | D        | Killed a death yak
  1092 | D        | Killed a death yak
  1098 | D        | Killed a death yak
  1102 | D        | Killed a death yak
  1102 | D        | Identified the +1 great mace "Fumebeof" {flame, rPois}
                  | (Trog gifted it to you in the Dungeon)
  1102 | D        | Received a gift from Trog
  1103 | D        | Reached skill level 18 in Fighting
  1103 | D        | Reached skill level 5 in Stealth
  1339 | D        | Received a gift from Trog
  1422 | D        | Noticed an orc high priest
  1425 | D        | Received a gift from Trog
  1436 | D        | Killed an orc high priest
  1629 | D        | Found Ipoc's Book Emporium.
  1629 | D        | Noticed an orc sorcerer
  1629 | D        | Noticed an orc sorcerer
  1629 | D        | Noticed an orc sorcerer
  1630 | D        | Noticed an orc sorcerer
  1636 | D        | Killed an orc sorcerer
  1637 | D        | Found Simoepp's Jewellery Shoppe.
  1638 | D        | Noticed an orc sorcerer
  1640 | D        | Killed an orc sorcerer
  1640 | D        | Received a gift from Trog
  1642 | D        | Noticed an orc sorcerer
  1644 | D        | Killed an orc sorcerer
  1645 | D        | Reached skill level 19 in Fighting
  1645 | D        | Found Zibaidgh's Weapon Emporium.
  1647 | D        | Noticed an orc sorcerer
  1649 | D        | Found Gudem's General Store.
  1653 | D        | Noticed a soul eater
  1653 | D        | Killed an orc sorcerer
  1654 | D        | Noticed an orc sorcerer
  1664 | D        | Killed an orc sorcerer
  1664 | D        | Received a gift from Trog
  1665 | D        | Noticed an orc sorcerer
  1671 | D        | Killed an orc sorcerer
  1672 | D        | Killed an orc sorcerer
  1673 | D        | Reached XP level 12. HP: 130/130 MP: 12/12
  1678 | D        | Received a gift from Trog
  1683 | D        | Reached skill level 20 in Fighting
  1894 | D        | Bought an amulet of regeneration for 330 gold pieces
  1894 | D        | Bought an amulet of faith for 440 gold pieces
  1898 | D        | Bought a piece from Xom's chessboard (15/15) for 220 gold
                  | pieces
  1898 | D        | Bought 2 scrolls of identify for 44 gold pieces
  1902 | D        | Bought a ring of protection from cold for 275 gold pieces
  1902 | D        | Bought a +4 ring of evasion for 396 gold pieces
  1943 | D        | Noticed Grum
  1949 | D        | Received a gift from Trog
  1955 | D        | Killed Grum
  2013 | D        | Upgraded the game from 0.28-a0-1235-g7c8fac35f0 to
                  | 0.28-a0-1236-gb25a51b929
  2164 | D        | Noticed an ogre mage
  2164 | D        | Noticed a death knight
  2169 | D        | Killed an ogre mage
  2169 | D        | Received a gift from Trog
  2171 | D        | Noticed a fire dragon
  2173 | D        | Killed a death knight
  2174 | D        | Noticed a great orb of eyes
  2181 | D        | Noticed a fire giant
  2188 | D        | Noticed a stone giant
  2194 | D        | Noticed a tengu reaver
  2199 | D        | Killed a fire dragon
  2199 | D        | Received a gift from Trog
  2202 | D        | Killed a great orb of eyes
  2522 | D        | Reached skill level 21 in Fighting
  2527 | D        | Killed a fire giant
  2532 | D        | Killed a stone giant
  2532 | D        | Identified the +12 great mace "Ywnaw" {vorpal, rPois Str+5}
                  | (Trog gifted it to you in the Dungeon)
  2532 | D        | Received a gift from Trog
  2669 | D        | Killed a tengu reaver
  2672 | D        | Noticed a death yak
  2685 | D        | Killed a death yak
  2685 | D        | Noticed a deep troll earth mage
  2735 | D        | Killed a deep troll earth mage
  2735 | D        | Received a gift from Trog
  2775 | D        | Noticed Nessos
  2789 | D        | Killed Nessos
  2817 | D        | Noticed Frances
  2831 | D        | Killed Frances
  2909 | D        | Reached XP level 13. HP: 145/145 MP: 13/13
  2918 | D        | Received a gift from Trog
  2921 | D        | Reached skill level 22 in Fighting
  2934 | D        | Received a gift from Trog
  3184 | D        | Noticed an entropy weaver
  3193 | D        | Received a gift from Trog
  3201 | D        | Killed an entropy weaver
  3202 | D        | Reached skill level 15 in Dodging
  3256 | D        | Received a gift from Trog
  3277 | D        | Noticed an eleionoma
  3283 | D        | Noticed a bunyip
  3288 | D        | Killed an eleionoma
  3291 | D        | Received a gift from Trog
  3295 | D        | Reached skill level 23 in Fighting
  3299 | D        | Killed a bunyip
  3304 | D        | Received a gift from Trog
  3375 | D        | Noticed a merfolk impaler
  3382 | D        | Killed a merfolk impaler
  3392 | D        | Received a gift from Trog
  3403 | D        | Received a gift from Trog
  3772 | D        | Noticed Nergalle
  3784 | D        | Killed Nergalle
  3821 | D        | Noticed Aizul
  3827 | D        | Killed Aizul
  3868 | D        | Noticed a red very ugly thing
  3868 | D        | Noticed a stone giant
  3868 | D        | Noticed a fire dragon
  3868 | D        | Noticed a fire dragon
  3873 | D        | Killed a red very ugly thing
  3873 | D        | Received a gift from Trog
  3874 | D        | Reached skill level 24 in Fighting
  3876 | D        | Killed a stone giant
  3879 | D        | Noticed a sphinx
  3880 | D        | Noticed a brown very ugly thing
  3882 | D        | Killed a fire dragon
  3885 | D        | HP: 7/151 [fire dragon/blast of flame (45)]
  3892 | D        | Killed from afar by a fire dragon

Illustrated notes

Levels and vault maps discovered:
D:        linesprint [early_d, line_temple, items_1, d_10, items_2, lair_1,
          lair_end, items_3, orc_1, orc_end, items_4, d_15, swamp_1, shoals_1,
          snake_1, spider_1, d_20, vaults_1, items_5, swamp_end, shoals_end,
          snake_end, spider_end, vaults_end, d_27, items_6, zot_1, zot_end,
          crypt_end, forest_end, elf_end, slime_end, tomb_end, abyss_end,
          pan_hell_end]

Skill      XL: |  1  2  3  4  5  6  7  8  9 10 11 12 13 |
---------------+----------------------------------------+-----
Dodging        | 4 8 9 10 11 12 13 14 16 | 16.3
Fighting       | 5 6 10 12 13 15 16 19 21 24 | 24.3
Maces & Flails | 4 5 9 11 12 13 16 18 21 23 | 23.3
Evocations     | 2 3 5 7 8 |  8.1
Stealth        | 1 4 6 8 9 |  9.7

Action                   |  1- 3 |  4- 6 |  7- 9 | 10-12 | 13-15 || total
-------------------------+-------+-------+-------+-------+-------++-------
Melee: Mace              |    13 |       |       |       |       ||    13
       Tailslap          |     1 |       |     4 |    51 |    25 ||    81
       Dire flail        |       |       |    36 |   163 |       ||   199
       Great mace        |       |       |       |    72 |   108 ||   180
Invok: Berserk           |     2 |       |     3 |     6 |     3 ||    14
       Brothers in Arms  |       |       |       |     1 |     1 ||     2
 Abil: Breathe Noxious F |       |       |     4 |     4 |     4 ||    12
Evoke: Wand              |     1 |     4 |     5 |       |       ||    10
  Use: Scroll            |       |     1 |       |       |     1 ||     2
       Potion            |       |       |       |     1 |     1 ||     2
 Stab: Confused          |       |       |     1 |     3 |     2 ||     6
       Sleeping          |       |       |       |     2 |       ||     2
Armor: Skin              |     6 |       |     5 |    29 |    20 ||    60
Dodge: Dodged            |     5 |     1 |    11 |    99 |    73 ||   189

Table legend: (Time is in decaauts)
 A = Elapsed time spent in this place.
 B = Non-inter-level travel time spent in this place.
 C = Inter-level travel time spent in this place.
 D = Time resting spent in this place.
 E = Time spent auto-exploring this place.
 F = Levels seen in this place.
 G = Mean time per level.
                   A        B        C        D        E       F      G
               +--------+--------+--------+--------+--------+-----+--------+
         Total |   3868 |   3868 |      0 |   2030 |    543 |   1 | 3868.0 |
       Dungeon |   3868 |   3868 |      0 |   2030 |    543 |   1 | 3868.0 |
               +--------+--------+--------+--------+--------+-----+--------+

Top non-repeatable levels by time:
       D: 3868 daAuts
